 Dungeon Crawl Stone Soup version 0.28-a0-1365-g7e0445c96d (webtiles) character file.

Game seed: 15635880392612709578

364 ChaosChampion the Skirmisher (level 6, -5/56 HPs)
             Began as a Hill Orc Fighter on Dec 31, 2021.
             Succumbed to an orc wizard's poison
             ... on level 4 of the Dungeon.
             The game lasted 00:02:55 (4268 turns).

ChaosChampion the Skirmisher (Hill Orc Fighter)     Turns: 4268, Time: 00:02:55

Health: -5/56      AC:  8    Str: 21    XL:     6   Next: 67%
Magic:  6/6        EV:  9    Int:  8    God:
Gold:   162        SH:  4    Dex: 10    Spells: 5/5 levels left

rFire   . . .      SeeInvis .   a - +0 war axe
rCold   . . .      Faith    .   c - +0 buckler
rNeg    . . .      Spirit   .   b - +0 scale mail
rPois   .          Reflect  .   (no helmet)
rElec   .          Harm     .   r - +0 cloak
rCorr   .          Rampage  .   (no gloves)
Will    .....                   (no boots)
Stlth   ..........              (no amulet)
HPRegen 0.18/turn               (no ring)
MPRegen 0.10/turn               (no ring)

@: lethally poisoned (-5 -> -35)
A: no striking features
a: no special abilities


You were on level 4 of the Dungeon.
You visited 1 branch of the dungeon, and saw 5 of its levels.

You collected 162 gold pieces.

Inventory:

Hand Weapons
 a - a +0 war axe (weapon)
 f - a +2 mace of venom
Armour
 b - a +0 scale mail (worn)
 c - a +0 buckler (worn)
 r - a +0 cloak (worn)
Scrolls
 e - 3 scrolls of identify {unknown}
 g - 2 scrolls of fear {unknown}
 k - a scroll of noise {unknown}
 l - a scroll of amnesia {unknown}
 m - a scroll of brand weapon {unknown}
 n - 2 scrolls of enchant weapon {unknown}
Potions
 d - 2 potions of might
 h - 4 potions of curing {unknown}
 i - 2 potions of attraction {unknown}
 j - a potion of mutation {unknown}
 o - 2 potions of degeneration {unknown}
 p - a potion of lignification {unknown}
 q - a potion of magic {unknown}


   Skills:
 + Level 5.4 Fighting
 + Level 5.0 Axes
 + Level 4.8 Armour
 + Level 4.8 Shields


You had 5 spell levels left.
You didn't know any spells.
Your spell library contained the following spells:

 Spells                   Type           Power      Damage    Failure   Level
 Freeze                   Ice            0%         1d3       75%         1
 Frozen Ramparts          Ice            0%         1d2       98%         3
 Tukima's Dance           Hex            0%         N/A       98%         3
 Hailstorm                Conj/Ice       0%         3d3       100%        4
 Passage of Golubria      Tloc           0%         N/A       100%        4
 Yara's Violent Unravell  Hex/Tmut       0%         3d3       100%        5


Dungeon Overview and Level Annotations

Branches:
Dungeon (5/15)
 Temple: D:4-7

Altars:
Dithmenos
Gozag
Uskayaw

Annotations:
D:4 1 exclusion


Message History

You are more poisoned.
You hit the orc wizard but do no damage.
The orc wizard is severely wounded.
You hit the orc wizard.
You feel very sick.
The orc wizard hits you but does no damage.
The orc wizard hits you with a +0 dagger of venom.
You are lethally poisoned!
The orc wizard points at you and mumbles some strange words.
The magic dart hits you!
You are too injured to fight recklessly!
You are too injured to fight recklessly!
You are too injured to fight recklessly!
You are too injured to fight recklessly!
You are too injured to fight recklessly!
You are too injured to fight recklessly!
You are too injured to fight recklessly!
You are too injured to fight recklessly!
You are too injured to fight recklessly!
You are too injured to fight recklessly!
You are too injured to fight recklessly!
You are too injured to fight recklessly!
You are too injured to fight recklessly!
You are too injured to fight recklessly!
You are too injured to fight recklessly!
You are too injured to fight recklessly!
* * * LOW HITPOINT WARNING * * *
You feel extremely sick.
The orc wizard gestures wildly while chanting.
The orc wizard flickers and vanishes!
Deactivating autopickup; reactivate with Ctrl-A.
There is a stone staircase leading up, spattered with blood here.
* * * LOW HITPOINT WARNING * * *
You feel very sick.
The orc wizard hits you but does no damage.
You are more poisoned.
You climb upwards.
Level annotation: 1 exclusion Reactivating autopickup.
You die...

##.#.............###..
#.#.#.#.#####....#...
#.#.....# #.##...##
#.#.#.#.# #.##.....
#.#.....# #.##.####
#.##.#.## #.##.#
#.##...# ##.##.####
#.####.#####.........
#..o@..<.........####
#############.#######
#........ #########


You could see an orc wizard.

Vanquished Creatures
  A centaur (D:4)
  A centaur zombie (D:5)
  2 hounds (D:4)
  Crazy Yiuf (D:4)
  Terence (D:2)
  2 orc wizards
  2 adders (D:2)
  A dart slug (D:1)
  8 orcs
  8 endoplasms
  3 giant cockroaches
  3 goblins
  5 hobgoblins
  4 quokkas
  7 ball pythons
  6 bats
  8 frilled lizards
  2 kobolds
  12 rats
77 creatures vanquished.

Notes
Turn   | Place    | Note
-------+----------+-------------------------------------------
     0 | D:1      | ChaosChampion the Hill Orc Fighter began the quest for the
                  | Orb.
     0 | D:1      | Reached XP level 1. HP: 19/19 MP: 1/1
   182 | D:1      | Reached XP level 2. HP: 27/27 MP: 2/2
   944 | D:2      | Reached XP level 3. HP: 33/33 MP: 3/3
   958 | D:2      | Found an opulent altar of Gozag.
  1143 | D:2      | Reached XP level 4. HP: 15/40 MP: 4/4
  1423 | D:2      | Noticed Terence
  1432 | D:2      | Killed Terence
  1820 | D:2      | Found a faded altar of an unknown god.
  2147 | D:3      | Reached XP level 5. HP: 47/47 MP: 5/5
  2399 | D:3      | Found a hide-covered altar of Uskayaw.
  2432 | D:3      | Found a shadowy altar of Dithmenos.
  2820 | D:4      | Noticed a centaur
  2838 | D:4      | Killed a centaur
  2839 | D:4      | Reached skill level 5 in Fighting
  2839 | D:4      | Reached XP level 6. HP: 10/56 MP: 6/6
  3525 | D:4      | Found a runed translucent door.
  3526 | D:4      | Noticed Crazy Yiuf
  3770 | D:4      | Identified the +4 chain mail of Fiobanug {rN+ MP+9 Int+2}
  3823 | D:4      | Found an opulent altar of Gozag.
  3938 | D:4      | Killed Crazy Yiuf
  4244 | D:5      | Entered Level 5 of the Dungeon
  4250 | D:5      | Reached skill level 5 in Axes
  4268 | D:4      | Succumbed to an orc wizard's poison

Illustrated notes

Levels and vault maps discovered:
D:1:      psy_arrival_statuary, layout_basic, ebering_dispersal_statue_hall
D:2:      layout_basic, shapermc_ecumenical_altar_pompeii, basic_altar,
          supply_closet_lemuel, nicolae_underground_beach, uniq_terence
D:3:      layout_basic, nicolae_dithmenos_shadow_blocks,
          nicolae_uskayaw_dance_hall, chequers_serial_rivers_small_a
D:4:      layout_loops_ring, overflow_temple_1_default, serial_glass,
          glass_columns_a, glass_columns_c, glass_columns_a,
          minmay_strange_pillars, feat_on_display, due_unseen_surprise,
          minmay_strange_pillars, minmay_misc_feat_iff, uniq_crazy_yiuf_cottage
D:5:      lemuel_ice_spiral_2, layout_basic,
          minmay_temple_entry_drinking_statues, minmay_quadrilaterals

Skill      XL: |  1  2  3  4  5  6 |
---------------+-------------------+-----
Axes           | 3 4 5 |  5.0
Fighting       | 4 5 |  5.4
Armour         | 4 |  4.8
Shields        | 4 |  4.8

Action                   |  1- 3 |  4- 6 || total
-------------------------+-------+-------++-------
Melee: War axe           |    95 |   145 ||   240
Armor: Scale mail        |    44 |    85 ||   129
Dodge: Dodged            |    54 |    65 ||   119
Block: Buckler           |    26 |    37 ||    63

Table legend: (Time is in decaauts)
 A = Elapsed time spent in this place.
 B = Non-inter-level travel time spent in this place.
 C = Inter-level travel time spent in this place.
 D = Time resting spent in this place.
 E = Time spent auto-exploring this place.
 F = Levels seen in this place.
 G = Mean time per level.
                   A        B        C        D        E       F      G
               +--------+--------+--------+--------+--------+-----+--------+
         Total |   4342 |   4214 |    128 |    203 |   3403 |   5 |  868.4 |
       Dungeon |   4342 |   4214 |    128 |    203 |   3403 |   5 |  868.4 |
               +--------+--------+--------+--------+--------+-----+--------+

Top non-repeatable levels by time:
     D:4: 1513 daAuts
     D:2: 1168 daAuts
     D:1: 927 daAuts
     D:3: 707 daAuts
     D:5: 26 daAuts
